 Dungeon Crawl Stone Soup version 0.31.0-32-g396128a36d (webtiles) character file.

Game seed: 6807677306367472784

12998 PaiMei the Fighter (level 11, 0/104 HPs)
             Began as a Minotaur Fighter on Apr 4, 2024.
             Was a Believer of Uskayaw.
             Slain by an elephant simulacrum (17 damage)
             ... in an ice cave.
             The game lasted 00:17:01 (9963 turns).

PaiMei the Fighter (Minotaur Fighter)               Turns: 9963, Time: 00:17:02

Health: 0/104      AC: 19    Str: 30    XL:     11   Next: 69%
Magic:  10/10      EV: 10    Int:  5    God:    Uskayaw [**....]
Gold:   389        SH:  8    Dex: 11    Spells: 10/10 levels left

rFire   . . .        H - +2 morningstar (flame)
rCold   . . .        b - +2 buckler
rNeg    . . .        y - +3 ring mail of Iblerph {-Tele Regen+ Slay+2}
rPois   .            (helmet restricted)
rElec   .            C - +0 cloak
rCorr   .            g - +0 pair of gloves
SInv    .            p - +0 pair of boots
Will    .....        (no amulet)
Stlth   +            l - +4 ring of protection
HPRegen 1.17/turn    J - +6 ring of strength
MPRegen 0.12/turn

%: no teleportation
@: no status effects
A: horns 2, retaliatory headbutt
a: Renounce Religion, Stomp, Line Pass


You were in an ice cave.
You worshipped Uskayaw.
Uskayaw was noncommittal.
You visited 2 branches of the dungeon, and saw 13 of its levels.
You also visited: Ice Cave.

You collected 578 gold pieces.
You spent 189 gold pieces at shops.

Inventory:

Hand Weapons
 a - a +0 war axe
 G - a +2 heavy flail
 H - a +2 morningstar of flaming (weapon)
Missiles
 D - 3 throwing nets
 L - 5 javelins (quivered)
 M - 5 poisoned darts
 O - 3 atropa-tipped darts
Armour
 b - a +2 buckler (worn)
 c - a scarf of harm
 g - a +0 pair of gloves (worn)
 p - a +0 pair of boots (worn)
 y - the +3 ring mail of Iblerph (worn) {-Tele Regen+ Slay+2}
   (You bought it in a shop on level 4 of the Dungeon)

   Slay+2:    It affects your accuracy & damage with ranged weapons and melee
   (+2).
   -Tele:     It prevents most forms of teleportation.
   Regen+:    It increases your rate of health regeneration.
 C - a +0 cloak (worn)
 E - an orb of guile
 F - a +8 chain mail of ponderousness
Jewellery
 f - an amulet of guardian spirit
 l - a +4 ring of protection (left hand)
 m - a ring of see invisible
 r - a ring of poison resistance
 J - a +6 ring of strength (right hand)
 U - a ring of flight
 V - a +6 ring of dexterity
Wands
 K - a wand of iceblast (13)
 P - a wand of paralysis (4)
 S - a wand of flame (8)
 T - a wand of polymorph (2)
Scrolls
 e - a scroll of amnesia
 i - 2 scrolls of poison
 j - 3 scrolls of immolation
 n - 3 scrolls of enchant weapon
 t - 3 scrolls of revelation
 v - 3 scrolls of fog
 A - a scroll of teleportation {unknown}
 B - 4 scrolls of blinking
 N - 4 scrolls of enchant armour
 Q - a scroll of fear {unknown}
 R - 2 scrolls of noise
 W - 2 scrolls of identify
Potions
 d - a potion of might
 h - 3 potions of heal wounds
 k - a potion of resistance {unknown}
 o - 3 potions of haste
 q - 4 potions of ambrosia
 s - 2 potions of curing
 u - 2 potions of attraction
 w - a potion of brilliance {unknown}
 x - 2 potions of mutation {unknown}
 z - a potion of magic {unknown}
 I - 2 potions of cancellation {unknown}


   Skills:
 + Level 11.9 Fighting
 + Level 11.6 Axes
 + Level 11.9 Armour
 + Level 11.9 Shields


You had 10 spell levels left.
You didn't know any spells.
Your spell library contained the following spells:

 Spells                   Type           Power      Damage    Failure   Level
 Freeze                   Ice            0%         1d3       61%         1
 Slow                     Hex            0%         N/A       61%         1
 Confusing Touch          Hex            0%         N/A       93%         3
 Frozen Ramparts          Ice            0%         1d1       93%         3
 Gell's Gravitas          Tloc           0%         N/A       93%         3
 Hailstorm                Conj/Ice       0%         3d5       93%         3
 Sigil of Binding         Hex            0%         N/A       93%         3
 Summon Ice Beast         Ice/Summ       0%         N/A       93%         3
 Teleport Other           Tloc           0%         N/A       93%         3
 Tukima's Dance           Hex            0%         N/A       93%         3
 Vampiric Draining        Necr           0%         2d6       93%         3
 Animate Dead             Necr           0%         N/A       100%        4
 Passage of Golubria      Tloc           0%         N/A       100%        4
 Borgnjor's Vile Clutch   Necr/Erth      0%         N/A       100%        5
 Yara's Violent Unravell  Hex/Alch       0%         3d3       100%        5
 Death Channel            Necr           0%         N/A       100%        6
 Dispersal                Tloc           0%         N/A       100%        6
 Sculpt Simulacrum        Ice/Alch       0%         N/A       100%        6


Dungeon Overview and Level Annotations

Branches:
Dungeon (12/15)            Temple (1/1) D:7            Lair (0/5) D:11
    Orc (0/2) D:10          IceCv (1/1)

Altars:
Ashenzari
Cheibriados
Dithmenos
Elyvilon
Fedhas
Gozag
Hepliaklqana
Kikubaaqudgha
Makhleb
Nemelex Xobeh
Okawaru
Qazlal
Ru
Sif Muna
Trog
Uskayaw
Vehumet
Wu Jian
Xom
Yredelemnul
Zin
The Shining One

Shops:
D:4 [

Annotations:
D:5 1 runed translucent door, Crazy Yiuf
D:8 1 runed translucent door
D:10 2 transporters, exclusion: orange crystal statue
D:11 1 runed translucent door


Innate Abilities, Weirdness & Mutations

You have a pair of horns on your head.
You reflexively headbutt those who attack you in melee.


Message History

Found an escape hatch in the ceiling.
There is a frozen archway here.
The world spins around you as you enter the gateway.
You enter an ice cave!
The white ugly thing gurgles horribly!
Found a scroll labelled TITWECV OBBAF.
Found an ice covered gate leading back out of this place.
There is an ice choked empty arch of ancient stone here.
There is an ice covered gate leading back out of this place here.
You puncture the polar bear simulacrum!
You melt the polar bear simulacrum.
The polar bear simulacrum is heavily damaged.
You puncture the cane toad simulacrum!
You melt the cane toad simulacrum.
The cane toad simulacrum is severely damaged.
You block the polar bear simulacrum's attack.
The polar bear simulacrum claws you but does no damage. x2
You sock the white ugly thing! You burn the white ugly thing.
The white ugly thing is moderately wounded.
The polar bear simulacrum bites you but does no damage.
The polar bear simulacrum claws you but does no damage. x2
The white ugly thing closely misses you.
You furiously retaliate!
You headbutt the white ugly thing!
You can now pass through a line of other dancers.
You closely miss the white ugly thing.
The white ugly thing is heavily wounded.
The three-headed hydra simulacrum closely misses you.
You furiously retaliate!
You headbutt the three-headed hydra simulacrum.
The three-headed hydra simulacrum bites you.
The three-headed hydra simulacrum freezes you!!
The three-headed hydra simulacrum bites you.
The three-headed hydra simulacrum freezes you!!
You block the white ugly thing's attack.
The polar bear simulacrum bites you. The polar bear simulacrum freezes you!
* * * LOW HITPOINT WARNING * * *
The polar bear simulacrum claws you but does no damage. x2
You block the elephant simulacrum's attack.
The elephant simulacrum trunk-slaps you.
* * * LOW HITPOINT WARNING * * *
The elephant simulacrum freezes you!
You die...

#######
##..@Z.##
#..ZuZ..#
#....Z....#
#...........#
#...........#
#...........#
#.............#
#....8...8....#
#......?......#


You could see a white ugly thing, a three-headed hydra simulacrum, an elephant
simulacrum, a cane toad simulacrum and a polar bear simulacrum.

Vanquished Creatures
  Harold (D:9)
  3 two-headed ogres
  Pikel (D:8)
  A manticore (D:11)
  An ugly thing (D:11)
  4 unseen horrors
  Maggie (D:7)
  A kobold demonologist (D:9)
  Psyche (D:8)
  2 trolls
  Prince Ribbit (D:6)
  A vampire (D:9)
  3 yaks (D:9)
  2 wraiths
  A wyvern (D:11)
  A steam dragon (D:7)
  5 vampire mosquitoes
  Menkaure (D:6)
  A water moccasin (D:6)
  2 acid dragons
  3 orc warriors
  2 ice beasts
  2 sky beasts (D:8)
  2 black bears
  4 centaurs
  3 lemures (D:8)
  A phantom (D:4)
  3 kobold brigands
  2 bullfrogs
  2 gnoll sergeants
  8 scorpions
  5 wights (D:9)
  22 killer bees
  4 howler monkeys
  2 bombardier beetles
  6 hounds
  A sleepcap (D:6)
  3 orc priests
  2 gnoll boudas
  2 jellies (D:5)
  5 iguanas
  10 orc wizards
  6 adders
  20 gnolls
  A shadow imp (D:8)
  A white imp (D:8)
  2 ufetubi (D:6)
  6 dart slugs
  33 orcs
  8 endoplasms
  5 giant cockroaches
  12 goblins
  7 hobgoblins
  21 kobolds
  6 quokkas
  12 ball pythons
  4 bats (D:1)
  2 frilled lizards
  3 rats (D:1)
  2 butterflies (D:8)
279 creatures vanquished.

Vanquished Creatures (others)
  An orc wizard (D:6)
1 creature vanquished.

Grand Total: 280 creatures vanquished

Notes
Turn   | Place    | Note
-------+----------+-------------------------------------------
     0 | D:1      | PaiMei the Minotaur Fighter began the quest for the Orb.
     0 | D:1      | Reached XP level 1. HP: 19/19 MP: 0/0
   153 | D:1      | Reached XP level 2. HP: 27/27 MP: 1/1
   696 | D:1      | Reached XP level 3. HP: 32/33 MP: 2/2
  1236 | D:2      | Found a faded altar of an unknown god.
  1236 | D:2      | Noticed a Tzitzimitl
  1332 | D:2      | Reached XP level 4. HP: 40/40 MP: 3/3
  1744 | D:3      | Found a white marble altar of Elyvilon.
  1956 | D:3      | Reached XP level 5. HP: 14/47 MP: 4/4
  2410 | D:3      | Found a hazy altar of Hepliaklqana.
  2411 | D:3      | Found a broken altar of Ashenzari.
  2598 | D:4      | Found Jebaforch's Antique Armour Boutique.
  2677 | D:4      | Noticed an ice beast
  2689 | D:4      | Killed an ice beast
  2690 | D:4      | Reached skill level 5 in Fighting
  2690 | D:4      | Reached skill level 5 in Armour
  2690 | D:4      | Reached skill level 5 in Shields
  2690 | D:4      | Reached XP level 6. HP: 48/56 MP: 5/5
  3530 | D:4      | Reached XP level 7. HP: 62/62 MP: 6/6
  3689 | D:4      | Bought a translucent ring mail for 189 gold pieces
  3689 | D:4      | Identified the +3 ring mail of Iblerph {-Tele Regen+
                  | Slay+2} (You bought it in a shop on level 4 of the Dungeon)
  3710 | D:5      | Entered Level 5 of the Dungeon
  3720 | D:5      | Reached skill level 5 in Axes
  3900 | D:5      | Found a runed translucent door.
  3901 | D:5      | Noticed Crazy Yiuf
  3975 | D:5      | Reached XP level 8. HP: 71/71 MP: 7/7
  4112 | D:5      | Found a blossoming altar of Fedhas.
  4114 | D:5      | Found a radiant altar of Vehumet.
  4140 | D:5      | Found a sparkling altar of Nemelex Xobeh.
  4311 | D:6      | Found a bloodstained altar of Trog.
  4358 | D:6      | Noticed Prince Ribbit
  4364 | D:6      | Killed Prince Ribbit
  4958 | D:6      | Noticed Menkaure
  4962 | D:6      | Killed Menkaure
  4963 | D:6      | Reached XP level 9. HP: 81/81 MP: 8/8
  5387 | D:7      | Noticed Maggie
  5402 | D:7      | Killed Maggie
  5443 | D:7      | Found a staircase to the Ecumenical Temple.
  5468 | Temple   | Entered the Ecumenical Temple
  5478 | Temple   | Became a worshipper of Uskayaw the Reveller
  5557 | D:7      | Reached * piety under Uskayaw
  5563 | D:7      | Reached ** piety under Uskayaw
  5567 | D:7      | Reached *** piety under Uskayaw
  5573 | D:7      | Reached **** piety under Uskayaw
  5580 | D:7      | Reached ***** piety under Uskayaw
  5856 | D:8      | Noticed a two-headed ogre
  5858 | D:8      | Found an ancient bone altar of Kikubaaqudgha.
  5867 | D:8      | Killed a two-headed ogre
  5873 | D:8      | Reached XP level 10. HP: 81/91 MP: 9/9
  6138 | D:8      | Noticed Psyche
  6155 | D:8      | Killed Psyche
  6500 | D:8      | Noticed Pikel
  6518 | D:8      | Killed Pikel
  6519 | D:8      | Reached skill level 10 in Fighting
  6532 | D:8      | Reached skill level 10 in Armour
  6532 | D:8      | Reached skill level 10 in Shields
  6555 | D:8      | Found a runed translucent door.
  6558 | D:8      | Found a runed translucent door.
  7238 | D:9      | Reached skill level 10 in Axes
  7518 | D:9      | Noticed a two-headed ogre
  7524 | D:9      | Killed a two-headed ogre
  7590 | D:9      | Noticed Harold
  7604 | D:9      | Paralysed by Harold for 2 turns
  7606 | D:9      | Killed Harold
  7619 | D:9      | Reached XP level 11. HP: 88/101 MP: 10/10
  7743 | D:9      | Found a sacrificial altar of Ru.
  7909 | D:9      | Found a glowing silver altar of Zin.
  8206 | D:10     | Entered Level 10 of the Dungeon
  8297 | D:10     | Noticed a red ugly thing
  8298 | D:10     | Found a transporter.
  8298 | D:10     | Noticed a red ugly thing
  8299 | D:10     | Noticed an orange crystal statue
  8299 | D:10     | Noticed a deep elf pyromancer
  8299 | D:10     | Noticed an arcanist
  8299 | D:10     | Noticed a stone giant
  8303 | D:10     | Noticed a two-headed ogre
  8312 | D:10     | Noticed a harpy
  8313 | D:10     | Killed a two-headed ogre
  8419 | D:10     | Found a staircase to the Orcish Mines.
  8481 | D:10     | Found a snail-covered altar of Cheibriados.
  8534 | D:10     | Found a transporter.
  8534 | D:10     | Found the +3 giant club "Skullcrusher" {speed, Str+7}
  8548 | D:10     | Identified the amulet "Kimp" {Faith Str+3 Dex+3}
  8848 | D:10     | Found an ornate altar of the Wu Jian Council.
  8954 | D:11     | Noticed a white ugly thing
  8964 | D:11     | Killed a white ugly thing
  9114 | D:11     | Noticed an orc knight
  9114 | D:11     | Noticed a boulder beetle
  9115 | D:11     | Noticed a four-headed hydra
  9115 | D:11     | Noticed an orc warlord
  9115 | D:11     | Noticed a fire dragon
  9115 | D:11     | Found the +0 pair of fencer's gloves {Riposte Dex+3}
  9116 | D:11     | Noticed a tengu warrior
  9116 | D:11     | Noticed a tengu warrior
  9117 | D:11     | Found a runed translucent door.
  9553 | D:11     | Found a staircase to the Lair.
  9936 | D:12     | Found a frozen archway.
  9954 | IceCv    | Entered an ice cave
  9954 | IceCv    | Noticed a white ugly thing
  9963 | IceCv    | Slain by an elephant simulacrum

Illustrated notes

Levels and vault maps discovered:
D:1:      saegor_arrival_simple_e, layout_loops_corners
D:2:      minmay_alternating_diamond, layout_loops_ring,
          dreamdust_ecumenical_altar_sealed_demon, nicolae_titane
D:3:      layout_rooms, nicolae_elyvilon_peaceful_grove,
          gammafunk_temple_overflow_statue, corexii_corridor_pit,
          chequers_serial_rivers_marsh, nrook_mini_vaults
D:4:      layout_layer_cave, minmay_shop_grid_forest, minmay_joined_circles
D:5:      layout_rooms, minmay_overflow_temple_star_quad,
          uniq_crazy_yiuf_cottage
D:6:      layout_loops_ring, general_overflow_altar, uniq_menkaure,
          uniq_prince_ribbit1
D:7:      layout_rooms, minmay_temple_entry_proselytizer, uniq_maggie
D:8:      lemuel_insect_pit, layout_basic, nicolae_kikubaaqudgha_miasma_corner,
          hangedman_decor_lopped, uniq_pikel, uniq_psyche
D:9:      layout_basic, old_standard_altar, zin_academy, uniq_harold
D:10:     gammafunk_sealed_arena, layout_basic, slow_altar_1,
          nicolae_wu_jian_immortal_techniques, orc_0_dummy
D:11:     layout_loops_corners, lair_entry_dummy, minmay_st_funbox
D:12:     layout_loops_ring, portal_ice_cave_entry_pillars_1, uniq_jorgrun
Temple:   nicolae_temple_two_arcs
IceCv:    ice_cave_statue_garden_transporter

Skill      XL: |  1  2  3  4  5  6  7  8  9 10 11 |
---------------+----------------------------------+-----
Armour         | 4 5 6 7 9 10 11 | 11.9
Fighting       | 4 5 6 7 9 10 11 | 11.9
Shields        | 4 5 6 7 9 10 11 | 11.9
Axes           | 3 4 5 7 9 10 11 | 11.6

Action                     |  1- 3 |  4- 6 |  7- 9 | 10-12 || total
---------------------------+-------+-------+-------+-------++-------
  Melee: War axe           |    80 |   110 |   212 |   198 ||   600
         Headbutt          |    12 |    20 |    42 |    53 ||   127
         Morningstar       |       |       |       |    58 ||    58
    Use: Potion            |       |       |       |     1 ||     1
         Scroll            |       |       |       |    13 ||    13
   Stab: Paralysed         |       |       |     7 |    22 ||    29
 Armour: Scale mail        |    49 |   101 |       |       ||   150
         Ring mail         |       |       |   213 |   227 ||   440
  Dodge: Dodged            |    38 |    62 |   137 |   123 ||   360
  Block: Buckler           |    15 |    19 |    63 |   106 ||   203
